 Dungeon Crawl Stone Soup version 0.22-a0-422-g9628fc87f1 (webtiles) character file.

65 Ikesh the Sneak (level 4, -4/30 HPs)
             Began as a Formicid Enchanter on May 19, 2018.
             Slain by an orc
             ... wielding a +0 morningstar
              (6 damage)
             ... on level 3 of the Dungeon.
             The game lasted 00:10:15 (2475 turns).

Ikesh the Sneak (Formicid Enchanter)                Turns: 2475, Time: 00:10:16

Health: -4/30      AC:  5    Str: 12    XL:     4   Next: 35%
Magic:  0/8        EV:  7    Int: 15    God:
Gold:   111        SH: 10    Dex: 12    Spells: 7/8 levels left

rFire    . . .     SeeInvis +   a - +2 dagger
rCold    . . .     Gourm    .   b - +0 large shield
rNeg     . . .     Faith    .   m - +2 leather armour
rPois    .         Spirit   +   (helmet unavailable)
rElec    .         Reflect  .   (no cloak)
rCorr    .         Harm     .   (no gloves)
MR       .....                  (no boots)
Stlth    ++........             c - amulet of guardian spirit
HPRegen  0.10/turn              l - ring of flight
MPRegen  0.11/turn              (no ring)

@: no status effects
A: permanent stasis, dig shafts and tunnels, four strong arms, antennae 3
a: Dig, Shaft Self, Evoke Flight


You were on level 3 of the Dungeon.
You were not hungry.

You visited 1 branch of the dungeon, and saw 3 of its levels.

You collected 111 gold pieces.

Inventory:

Hand Weapons
 a - a +2 dagger (weapon)
Armour
 b - a +0 large shield (worn)
 m - a +2 leather armour (worn)
Jewellery
 c - an amulet of guardian spirit (around neck)
 l - a ring of flight (left hand)
Scrolls
 e - a scroll of random uselessness {unknown}
 j - 2 scrolls of identify
Potions
 h - a potion of mutation {unknown}
Comestibles
 d - 4 rations
 g - 3 chunks of flesh


   Skills:
 + Level 1.1 Short Blades
 + Level 0.7 Armour
 + Level 2.4 Dodging
 + Level 4.3 Stealth
 + Level 1.0 Shields
 + Level 2.7 Spellcasting
 + Level 3.9 Hexes


You had 7 spell levels left.
You knew the following spells:

 Your Spells              Type           Power        Failure   Level  Hunger
a - Corona                Hex            ##.....      71%         1    #......

Your spell library contained the following spells:

 Spells                   Type           Power        Failure   Level  Hunger
 Confuse                  Hex            ##......     97%         3    ###....
 Tukima's Dance           Hex            ##......     97%         3    ###....
 Ensorcelled Hibernation  Hex/Ice        #.....       98%         2    ##.....
 Dazzling Spray           Conj/Hex       #.....       100%        3    ###....


Dungeon Overview and Level Annotations

Branches:
Dungeon (3/15)

Altars:


Innate Abilities, Weirdness & Mutations

You cannot be hasted, slowed, berserked, paralysed or teleported.
You can dig through walls and to a lower floor.
Your four strong arms can wield two-handed weapons with a shield.
You have a pair of large antennae on your head. (SInv)


Message History

You hit the orc.
The orc is severely wounded.
The orc hits you with a morningstar.
* * * LOW HITPOINT WARNING * * *
You hit the orc but do no damage.
The orc is severely wounded.
The orc barely misses you.
You hit the orc but do no damage.
The orc is severely wounded.
The orc closely misses you.
Your shield prevents you from hitting the orc.
The orc is severely wounded.
The orc hits you with a morningstar.
* * * LOW HITPOINT WARNING * * *
You hit the orc but do no damage.
The orc is severely wounded.
The orc hits you with a morningstar.
* * * LOW HITPOINT WARNING * * *
The orc hits you with a morningstar.
You die...

#.# #.# { #.##
#.. #.% #.# #
#.# .# ########
#o###.# #<.....#
#.@...# #.####.#
###.### #.####.#
#.# #.#...># #.#
.....##.######.#
##.####........#
#......########
########


You could see an orc.

Vanquished Creatures
  2 adders (D:2)
  A worm (D:2)
  A dart slug (D:2)
  A leopard gecko (D:1)
  A ball python (D:1)
  5 bats
  6 goblins
  6 hobgoblins
  6 jackals
  3 kobolds
  8 rats
40 creatures vanquished.

Notes
Turn   | Place    | Note
-------+----------+-------------------------------------------
     0 | D:1      | Ikesh the Formicid Enchanter began the quest for the Orb.
     0 | D:1      | Reached XP level 1. HP: 13/13 MP: 3/3
   512 | D:1      | Reached XP level 2. HP: 18/19 MP: 3/5
  1001 | D:1      | Reached XP level 3. HP: 24/24 MP: 6/6
  1247 | D:2      | Reached skill level 4 in Stealth
  1981 | D:2      | Reached XP level 4. HP: 21/30 MP: 5/8
  2252 | D:2      | Reached skill level 1 in Shields
  2475 | D:3      | Slain by an orc

Vault maps used:
D:1:      sevenhm_arrival_forest_fort_large_2
D:3:      first_ration, gup_sewer_entry_pipe, uniq_terence

Skill      XL: |  1  2  3  4 |
---------------+-------------+-----
Dodging        | 2 |  2.4
Stealth        | 4 |  4.3
Shields        | 1 |  1.0
Short Blades   | |  1.1
Armour         | |  0.7
Spellcasting   | |  2.7
Hexes          | |  3.9

Action                   |  1- 3 |  4- 6 || total
-------------------------+-------+-------++-------
Melee: Dagger            |   133 |    31 ||   164
 Cast: Corona            |    13 |       ||    13
  Use: Scroll            |     7 |       ||     7
       Potion            |     1 |     1 ||     2
 Stab: Sleeping          |     7 |     3 ||    10
       Invisible         |     1 |       ||     1
  Eat: Chunk             |     2 |       ||     2
       Ration            |     1 |       ||     1
Armor: Robe              |    16 |       ||    16
       Leather armour    |    22 |     3 ||    25
Dodge: Dodged            |    67 |     4 ||    71
Block: Large shield      |    39 |     3 ||    42

Table legend:
 A = Spawn XP
 B = Non-spawn XP
 C = Spawn XP percentage of total XP
 D = Spawn monster count
 E = Non-spawn monster count
 F = Spawn count percentage of total count
 G = Total turns spent on level
                    A         B        C        D         E        F      G
               +---------+---------+-------+---------+---------+-------+---------
         Total |       0 |      94 |   0.0 |       0 |      40 |   0.0 |  2475
               +---------+---------+-------+---------+---------+-------+---------
           D:1 |       0 |      29 |   0.0 |       0 |      18 |   0.0 |  1054
           D:2 |       0 |      65 |   0.0 |       0 |      22 |   0.0 |  1383
               +---------+---------+-------+---------+---------+-------+---------
